 Dungeon Crawl Stone Soup version 0.26.1-10-gdfb7c7de75 (webtiles) character file.

Game seed: 14924707070210174064

177 manyhoops the Gusty (level 5, -6/39 HPs)
             Began as a Demigod Air Elementalist on Apr 1, 2021.
             Mangled by an ice beast (11 damage)
             ... on level 3 of the Dungeon.
             The game lasted 00:06:49 (4202 turns).

manyhoops the Gusty (Demigod Air Elementalist)      Turns: 4202, Time: 00:06:50

Health: -6/39      AC:  2    Str: 11    XL:     5   Next: 9%
Magic:  1/12       EV: 12    Int: 21    God:
Gold:   78         SH:  0    Dex: 16    Spells: 4/10 levels left

rFire    . . .     SeeInvis .   l - +0 dagger
rCold    . . .     Faith    .   (no shield)
rNeg     . . .     Spirit   .   a - +0 robe
rPois    .         Reflect  .   (no helmet)
rElec    .         Harm     .   (no cloak)
rCorr    +         Rampage  .   (no gloves)
Will     .....                  (no boots)
Stlth    ++........             (no amulet)
HPRegen  0.13/turn              b - ring of wizardry
MPRegen  0.13/turn              n - ring of resist corrosion

@: very slightly contaminated
A: high mp 1
a: no special abilities


You were on level 3 of the Dungeon.
You visited 1 branch of the dungeon, and saw 4 of its levels.

You collected 78 gold pieces.

Inventory:

Hand Weapons
 l - a +0 dagger (weapon)
Missiles
 j - 7 poisoned darts
Armour
 a - a +0 robe (worn)
Jewellery
 b - a ring of wizardry (left hand)
 n - a ring of resist corrosion (right hand)
Scrolls
 g - a scroll of immolation
 h - a scroll of teleportation
Potions
 c - a potion of ambrosia
 d - a potion of flight
 e - a potion of curing
 f - 2 potions of haste
 i - a potion of attraction {unknown}
 m - 2 potions of cancellation
 o - a potion of invisibility


   Skills:
 + Level 0.4 Fighting
 - Level 1.7 Dodging
 - Level 1.7 Stealth
 + Level 3.2 Spellcasting
 + Level 2.2 Conjurations
 + Level 3.9 Air Magic


You had 4 spell levels left.
You knew the following spells:

 Your Spells              Type           Power        Failure   Level
a - Shock                 Conj/Air       64%          1%          1
b - Swiftness             Air            19%          1%          2
c - Static Discharge      Conj/Air       16%          4%          3

Your spell library contained the following spells:

 Spells                   Type           Power        Failure   Level
 Airstrike                Air            9%           11%         4
 Confusing Touch          Hex            3%           16%         3
 Gell's Gravitas          Tloc           1%           16%         3
 Petrify                  Tmut/Erth      3%           45%         4
 Lightning Bolt           Conj/Air       8%           38%         5
 Metabolic Englaciation   Hex/Ice        1%           78%         5
 Yara's Violent Unravell  Hex/Tmut       1%           78%         5


Dungeon Overview and Level Annotations

Branches:
Dungeon (4/15)
 Temple: D:4-7


Innate Abilities, Weirdness & Mutations

You have an increased reservoir of magic. (+10% MP)


Message History

The lightning grounds out.
The ice beast hits you. The ice beast freezes you!
The ball python barely misses you. x2
Casting: Static Discharge (dangerous; 4% risk of failure)
Confirm with . or Enter, or press ? or * to list all spells.
The ice beast is struck by an arc of lightning!
The ice beast is heavily wounded.
The ball python is struck by an arc of lightning.
You kill the ball python!
The lightning grounds out.
The ice beast hits you. The ice beast freezes you!
* * * LOW HITPOINT WARNING * * *
Casting: Static Discharge (dangerous; 4% risk of failure)
Confirm with . or Enter, or press ? or * to list all spells.
The ice beast is struck by an arc of lightning.
The ice beast is severely wounded.
You are struck by an arc of lightning.
* * * LOW HITPOINT WARNING * * *
The lightning grounds out.
The ice beast hits you.
* * * LOW HITPOINT WARNING * * *
The ice beast freezes you!
You die...

.## ###....##### #....#..... ..#
###.##..# ####...#.## ..#
####...###.# #######.(⌠.⌠...
†.###....### #.####........._.[..
........######......#######⌠.⌠...
####..#.<..#....##### ##.....
##...##......##.# ###...
..(##...##.).##.###### #...
......######...Y@....# #...
.###### #.........# ##.[ ##
#.........# ##. # ########### ##


You could see an ice beast.

Vanquished Creatures
  An orc wizard (D:3)
  A human skeleton (D:2)
  A worker ant (D:3)
  An adder (D:2)
  An ooze (D:1)
  3 worms
  A dart slug (D:3)
  2 leopard geckos
  An orc (D:3)
  5 ball pythons
  7 bats
  5 giant cockroaches
  9 goblins
  3 hobgoblins
  4 jackals
  10 kobolds
  4 quokkas
  4 frilled lizards
  A kobold zombie (D:2)
  7 rats
71 creatures vanquished.

Notes
Turn   | Place    | Note
-------+----------+-------------------------------------------
     0 | D:1      | manyhoops the Demigod Air Elementalist began the quest for
                  | the Orb.
     0 | D:1      | Reached XP level 1. HP: 14/14 MP: 5/5
   263 | D:1      | Reached XP level 2. HP: 19/20 MP: 0/7
   791 | D:2      | Reached skill level 1 in Conjurations
  1081 | D:2      | Reached XP level 3. HP: 18/26 MP: 0/9
  2046 | D:2      | Learned a level 2 spell: Swiftness
  2050 | D:2      | Learned a level 3 spell: Static Discharge
  2326 | D:2      | Found a runed translucent door.
  2326 | D:2      | Noticed a human
  2358 | D:2      | Reached XP level 4. HP: 16/33 MP: 0/10
  2534 | D:2      | Found a basalt altar of Yredelemnul.
  3009 | D:3      | Found a sparkling altar of Nemelex Xobeh.
  3255 | D:3      | Found a stormy altar of Qazlal.
  4085 | D:3      | Reached XP level 5. HP: 32/39 MP: 2/12
  4194 | D:4      | Found a burning altar of Makhleb.
  4197 | D:4      | Noticed an ice beast
  4202 | D:3      | Mangled by an ice beast

Illustrated notes

Levels and vault maps discovered:
D:1:      dpeg_arrival_tiny_a, layout_loops_ring
D:2:      layout_loops_ring, dk_yredelemnul_ordeal
D:3:      layout_rooms, grunt_qazlal_clouds, nemelex_xobeh_ov_fountains_minmay
D:4:      corexii_shack_village, layout_basic, nicolae_overflow_crystal_walls,
          lemuel_round_altar

Skill      XL: |  1  2  3  4 |
---------------+-------------+-----
Spellcasting   | 2 3 |  3.2
Air Magic      | 3 |  3.9
Conjurations   | 1 2 |  2.2
Fighting       | |  0.4
Dodging        | |  1.7
Stealth        | |  1.7

Action                   |  1- 3 |  4- 6 || total
-------------------------+-------+-------++-------
Melee: Unarmed           |    50 |    17 ||    67
       Dagger            |       |     7 ||     7
 Cast: Shock             |    87 |    49 ||   136
       Static Discharge  |       |    11 ||    11
       Swiftness         |       |     1 ||     1
  Use: Scroll            |     4 |     6 ||    10
       Potion            |       |     1 ||     1
 Stab: Sleeping          |     2 |       ||     2
Armor: Robe              |    19 |     8 ||    27
Dodge: Dodged            |    71 |    38 ||   109
